cohdb
Replays
Latest Replays
All Replays
Popular Replays
Top Player Replays
Match Explorer
How It Works
Community
CoH3 Stats
Reddit
Sign in to upload your games and track your stats! →
Sign in with Steam
Match 40000870
Unlisted
Match 40000870
Overview
Messages
Build Orders
End
Construct Section Command Post
Infantry Section
Dingo Light Scout Car
ML 3-inch Mortar Team
Infantry Section
Infantry Section
Construct Platoon Command Post
Humber Armored Car
Construct Company Command Post
Selects Air and Sea Battlegroup
Selects Air and Sea Battlegroup
Selects Supply Surplus
Construct Resource Cache
Crusader II Medium Tank
Infantry Training
Construct Resource Cache
Construct Field Infirmary
Selects Commando Section Paradrop
Selects M1 Pack Howitzer Paradrop
Crusader II Medium Tank
Crusader II Medium Tank
Selects Anti-tank Rocket Loiter
Anti-tank Rocket Loiter
Construct Resource Cache
Kanade
七彩斑斓的牛头人战士
Hendy
爱玩原农锤的素食女权主义跨性别黑人男同
罐头鸟巢
lxxqaqxxl
CabbageBird
MonikaのPants
0
0
Comments
sign in to comment!
No comments posted yet!